 Dungeon Sprint DCSS version 0.18-a0-1562-gac8da35 (webtiles) character file.

726 pipel the Cleaver (level 7, -4/50 HPs)
             Began as a Minotaur Necromancer on Mar 13, 2016.
             Was a High Priest of Makhleb.
             Killed by the air
             ... invoked by a blizzard demon
             ... summoned by the player character
              (27 damage)
             ... in the Dungeon (Sprint VII: "The Pits").
             The game lasted 00:08:59 (465 turns).

pipel the Cleaver (Minotaur Necromancer)             Turns: 465, Time: 00:08:59

Health: -4/50      AC: 11    Str: 15    XL:     7   Next: 44%
Magic:  8/12       EV:  9    Int: 12    God:    Makhleb [*****.]
Gold:   0          SH:  0    Dex: 10    Spells: 3 memorised, 3 levels left

rFire  . . .     SeeInvis .     b - staff of energy
rCold  . . .     Gourm    .     H - +4 scale mail
rNeg   . . .     Faith    .     (no shield)
rPois  .         Spirit   .     (helmet restricted)
rElec  .         Dismiss  .     I - +0 cloak
rCorr  .         Reflect  .     (no gloves)
SustAt .         Harm     .     (no boots)
MR     .....     NoTele   +     (no amulet)
Stlth  ..........               (no ring)
                                (no ring)

@: very slightly contaminated, regenerating, not resistant to hostile
enchantments, extremely unstealthy
A: retaliatory headbutt, horns 2
a: Minor Destruction, Lesser Servant of Makhleb, Major Destruction, Greater
Servant of Makhleb, Renounce Religion


You were in the Dungeon.
You worshipped Makhleb.
Makhleb was extremely pleased with you.
You were very hungry.

You visited 1 branch

Inventory:

Hand Weapons
 a - a +1 broad axe of freezing
 u - a +0 hand axe of chopping
 E - the +8 demon blade "Bloodbane" {slice, *Rage +Rage Stlth-}
   (You found it in the Dungeon)

   It inflicts extra damage upon your enemies.
   It lets you go berserk.
   It may make you go berserk in combat.
   It makes you less stealthy.
 F - a +2 hand axe
Missiles
 n - 10 stones (quivered)
Armour
 j - a +0 robe
 v - a +2 plate armour
 w - a +3 chain mail
 G - a +4 chain mail
 H - a +4 scale mail (worn)
 I - a +0 cloak (worn)
Magical Staves
 b - an uncursed staff of energy (weapon)
Jewellery
 y - a +3 ring of dexterity
 B - a +3 ring of evasion
Scrolls
 p - 3 scrolls of remove curse
 q - 5 scrolls of amnesia
 r - a scroll of summoning
 s - 2 scrolls of vulnerability
Potions
 d - 6 potions of curing
 e - 8 potions of heal wounds
 f - 2 potions of haste
 g - 4 potions of magic
 h - 2 potions of berserk rage
 m - 2 potions of invisibility
 x - a potion of agility
 z - 2 potions of cure mutation
 A - a potion of might
 C - a potion of resistance
 D - a potion of brilliance
Books
 o - a book of Necromancy

   Spells                             Type                      Level
   a - Pain                           Necromancy                   1
   b - Animate Skeleton               Necromancy                   1
   c - Vampiric Draining              Necromancy                   3
   d - Regeneration                   Charms/Necromancy            3
   e - Animate Dead                   Necromancy                   4
   f - Control Undead                 Necromancy                   4
Comestibles
 c - 8 bread rations
 k - 40 fruits
 l - 7 meat rations
 t - 8 chunks of flesh


   Skills:
 + Level 0.2 Fighting
 * Level 10.7 Axes
 - Level 2.3 Dodging
 - Level 1.5 Stealth
 - Level 1.4 Spellcasting
 - Level 5.1 Charms
 - Level 6.3 Necromancy
 * Level 8.4 Invocations
 - Level 0.6 Evocations


You had 3 spell levels left.
You knew the following spells:

 Your Spells              Type           Power        Failure   Level  Hunger
a - Pain                  Necr           ###.         12%         1    None
b - Animate Skeleton      Necr           N/A          12%         1    None
r - Regeneration          Chrm/Necr      ##........   34%         3    None


Dungeon Overview and Level Annotations

Branches:
Dungeon (1/1)

Altars:
Ashenzari
Cheibriados
Dithmenos
Elyvilon
Fedhas
Kikubaaqudgha
Makhleb
Nemelex Xobeh
Okawaru
Pakellas
Ru
Sif Muna
Trog
Vehumet
Xom
Yredelemnul
Zin
The Shining One
Beogh
Jiyva
Lugonu

Annotations:
D Gastronok


Innate Abilities, Weirdness & Mutations

You reflexively headbutt those who attack you in melee.
You have a pair of horns on your head.


Message History

Anything else - Stay silent.
Gang up on whom?
Press: ? - help, Dir - move target cursor, f - blizzard demon
Aim: a blizzard demon (moderately wounded, summoned) Attack!
The blizzard demon hits your cacodemon! The blizzard demon hits your cacodemon.
Your cacodemon hits the blizzard demon but does no damage. x2
Your +1 broad axe of freezing stops glowing.
b - an uncursed staff of energy (weapon)
Nothing appears to happen.
The blizzard demon hits your cacodemon!!
The blizzard demon hits your cacodemon.
Your ynoxinul gestures.
Your cacodemon completely misses the blizzard demon.
Your cacodemon barely misses the blizzard demon.
You channel some magical energy.
You feel slightly more hungry.
The blizzard demon waves its arms in wide circles.
The air twists around and strikes you!
Ouch! That really hurt!
You die...

############
#__________#
#__________#
#_#####'#############
#.))'.'..##........
#)))#.#..##......#.
#######'#####........
#...@..35.22'Y.......
#'#####'#####....).#.
#.#..#...'.##........
#.#..#...#.#####'####
#.#..#####.##.......#
#.#..'...#.##.......#
#.#..'...'.##.......#
#Z#..########...<...#
#Z#..Z.))..##.......#


You could see a blizzard demon, a friendly cacodemon, a friendly ynoxinul and a
friendly ufetubus.

Vanquished Creatures
  Grinder (D)
  A porcupine (D)
  A wolf (D)
  A worker ant (D)
  A gnoll (D)
  An ooze (D)
  A giant gecko (D)
  An orc (D)
  A bat (D)
  A bat skeleton (D)
  A bat zombie (D)
  A giant cockroach (D)
  A giant gecko zombie (D)
  A giant newt (D)
14 creatures vanquished.

Vanquished Creatures (collateral kills)
  A ynoxinul (D)
  A hungry ghost (D)
  An orc warrior (D)
  2 ogres (D)
  A scorpion (D)
  An orc priest (D)
  A gnoll shaman (D)
  A mummy (D)
  3 gnolls (D)
  An ooze (D)
  2 orcs (D)
  A hobgoblin (D)
  A kobold (D)
17 creatures vanquished.

Vanquished Creatures (others)
  A quokka (D)
1 creature vanquished.

Grand Total: 32 creatures vanquished

Notes
Turn   | Place    | Note
--------------------------------------------------------------
     0 | D        | pipel the Minotaur Necromancer began the quest for the Orb.
     0 | D        | Reached XP level 1. HP: 14/14 MP: 1/1
    20 | D        | Learned a level 1 spell: Animate Skeleton
    37 | D        | Found a sacrificial altar of Ru.
    37 | D        | Found a basalt altar of Yredelemnul.
    37 | D        | Found a glowing golden altar of the Shining One.
    37 | D        | Found a deep blue altar of Sif Muna.
    37 | D        | Found a burning altar of Makhleb.
    37 | D        | Found an ancient bone altar of Kikubaaqudgha.
    37 | D        | Found a glowing silver altar of Zin.
    38 | D        | Found a shadowy altar of Dithmenos.
    38 | D        | Found a bloodstained altar of Trog.
    38 | D        | Found a shattered altar of Ashenzari.
    38 | D        | Found a white marble altar of Elyvilon.
    38 | D        | Found a snail-covered altar of Cheibriados.
    38 | D        | Found a blossoming altar of Fedhas.
    38 | D        | Found a radiant altar of Vehumet.
    38 | D        | Found a shimmering altar of Xom.
    38 | D        | Found a sparkling altar of Nemelex Xobeh.
    38 | D        | Found a corrupted altar of Lugonu.
    38 | D        | Found a viscous altar of Jiyva.
    38 | D        | Found a roughly hewn altar of Beogh.
    38 | D        | Found an iron altar of Okawaru.
    39 | D        | Found an oddly glowing altar of Pakellas.
    41 | D        | Became a worshipper of Makhleb the Destroyer
    74 | D        | Reached * piety under Makhleb
    92 | D        | Reached skill level 1 in Axes
    92 | D        | Reached XP level 2. HP: 12/20 MP: 3/3
   100 | D        | Reached ** piety under Makhleb
   101 | D        | Noticed a porcupine
   112 | D        | Reached skill level 2 in Axes
   115 | D        | Killed a porcupine
   115 | D        | Reached *** piety under Makhleb
   115 | D        | Reached skill level 4 in Axes
   115 | D        | Reached XP level 3. HP: 24/26 MP: 4/4
   115 | D        | Reached XP level 4. HP: 30/33 MP: 5/5
   125 | D        | Learned a level 3 spell: Regeneration
   178 | D        | Noticed an orc warrior
   179 | D        | Noticed a hungry ghost
   191 | D        | Reached skill level 5 in Axes
   193 | D        | Killed an orc warrior
   193 | D        | Reached **** piety under Makhleb
   193 | D        | Reached skill level 6 in Axes
   193 | D        | Reached XP level 5. HP: 20/38 MP: 3/7
   204 | D        | Killed a hungry ghost
   204 | D        | Reached skill level 7 in Axes
   204 | D        | Reached skill level 5 in Invocations
   209 | D        | Reached ***** piety under Makhleb
   209 | D        | Reached XP level 6. HP: 23/45 MP: 4/9
   225 | D        | Reached skill level 8 in Axes
   262 | D        | Reached skill level 9 in Axes
   284 | D        | Noticed Grinder
   286 | D        | Reached ****** piety under Makhleb
   316 | D        | Killed Grinder
   316 | D        | Reached skill level 10 in Axes
   316 | D        | Reached XP level 7. HP: 43/50 MP: 9/12
   328 | D        | Noticed a ynoxinul
   334 | D        | Killed a ynoxinul
   334 | D        | Reached skill level 5 in Charms
   439 | D        | Noticed a yak
   439 | D        | Noticed a yak
   439 | D        | Noticed Gastronok
   440 | D        | Noticed a yak
   440 | D        | Noticed a blizzard demon
   441 | D        | Noticed a yak
   465 | D        | Killed from afar by a blizzard demon

Vault maps used:
D:        pitsprint

Skill      XL: |  1  2  3  4  5  6  7 |
---------------+----------------------+-----
Necromancy     | 4 6 |  6.3
Axes           | 1 4 6 7 10 | 10.7
Invocations    | 3 4 5 8 |  8.4
Charms         | 2 3 4 5 |  5.1
Fighting       | |  0.2
Dodging        | |  2.3
Stealth        | |  1.5
Spellcasting   | |  1.4
Evocations     | |  0.6

Action                   |  1- 3 |  4- 6 |  7- 9 || total
-------------------------+-------+-------+-------++-------
Melee: Hand axe          |    13 |    15 |     3 ||    31
       Unarmed           |     5 |       |       ||     5
Throw: Stone             |     3 |       |       ||     3
 Cast: Animate Skeleton  |     1 |     4 |       ||     5
       Pain              |     1 |       |       ||     1
       Regeneration      |       |     8 |     3 ||    11
Invok: Lesser Servant of |       |     2 |     1 ||     3
       Greater Servant o |       |       |     2 ||     2
Evoke: Staff of energy   |       |    11 |     4 ||    15
  Use: Potion            |     1 |       |     1 ||     2
       Scroll            |       |       |     1 ||     1
 Stab: Sleeping          |     1 |       |       ||     1
       Distracted        |       |     1 |       ||     1
  Eat: Chunk             |       |     1 |       ||     1
